 Dungeon Crawl Stone Soup version 0.20.0-7-g3b7b877 (webtiles) character file.

67 Kisielow the Slasher (level 3, 0/33 HPs)
             Began as a Minotaur Fighter on May 28, 2017.
             Slain by an orc
             ... wielding a +0 flail
              (2 damage)
             ... on level 3 of the Dungeon.
             The game lasted 00:02:00 (1720 turns).

Kisielow the Slasher (Minotaur Fighter)             Turns: 1720, Time: 00:02:01

Health: 0/33       AC:  6    Str: 21    XL:     3   Next: 98%
Magic:  2/2        EV:  7    Int:  5    God:
Gold:   70         SH:  9    Dex:  9    Spells: 2/2 levels left

rFire    . . .     SeeInvis .   a - +0 long sword
rCold    . . .     Gourm    .   c - +0 shield
rNeg     . . .     Faith    .   b - +0 scale mail
rPois    .         Spirit   .   (helmet restricted)
rElec    .         Reflect  .   (no cloak)
rCorr    .         Harm     .   (no gloves)
MR       .....                  (no boots)
Stlth    ..........             (no amulet)
Regen    0.2/turn               (no ring)
MPRegen  0.1/turn               (no ring)

@: lethally poisoned (0 -> -1)
A: retaliatory headbutt, horns 2
a: no special abilities


You were on level 3 of the Dungeon.
You were not hungry.

You visited 1 branch of the dungeon, and saw 3 of its levels.

You collected 70 gold pieces.

Inventory:

Hand Weapons
 a - a +0 long sword (weapon)
Armour
 b - a +0 scale mail (worn)
 c - a +0 shield (worn)
Scrolls
 e - 3 scrolls of remove curse {unknown}
 h - a scroll of teleportation {unknown}
 m - 5 scrolls of identify {unknown}
 n - a scroll of amnesia {unknown}
 o - a scroll of blinking {unknown}
 p - a scroll of enchant armour {unknown}
 s - a scroll of enchant weapon {unknown}
Potions
 d - a potion of might
 g - a potion of heal wounds {unknown}
 i - a potion of mutation {unknown}
 k - 2 potions of ambrosia {unknown}
 r - a potion of degeneration {unknown}
Comestibles
 f - 4 bread rations
 j - a royal jelly
 l - 4 chunks of flesh
 q - a meat ration


   Skills:
 + Level 3.7 Fighting
 * Level 5.1 Long Blades
 + Level 3.6 Armour
 + Level 3.6 Shields


You had 2 spell levels left.
You didn't know any spells.

Dungeon Overview and Level Annotations

Branches:
Dungeon (3/15)

Altars:
Ashenzari
Ru


Innate Abilities, Weirdness & Mutations

You reflexively headbutt those who attack you in melee.
You have a pair of horns on your head.


Message History

The rat bites you but does no damage. The orc hits you with a flail.
* * * LOW HITPOINT WARNING * * *
You block the orc priest's attack. The orc hits you with a whip.
* * * LOW HITPOINT WARNING * * *
The orc barely misses you.
You riposte.
Your shield prevents you from hitting the orc.
The orc is heavily wounded.
The orc completely misses you. The rat bites you but does no damage.
You hit the orc priest.
The orc priest is lightly wounded.
The orc priest hits you but does no damage.
You block the orc's attack. The orc hits you but does no damage.
The orc barely misses you. The rat bites you but does no damage.
The orc barely misses you.
You barely miss the orc priest.
The orc priest is lightly wounded.
The orc hits you but does no damage.
The orc priest hits you but does no damage.
The orc hits you with a flail.
You die...

#.....)... ..
#......... #.
#......... ..
###.#####. #. ##.#
#. . ##. #..# #.
...##.[#### ##.##
#.
......oo..#####..#
##
.....wo@..%..(.)##
#
......or$.........#
#
...#.o............#
#
................###
# ................#
# ...##..........##
# ... ##...##...##
### .. .#########
#.. #..


You could see an orc priest, a dart slug, 4 orcs and a rat.

Vanquished Creatures
  2 adders
  A worm (D:2)
  2 leopard geckos (D:1)
  7 goblins
  2 hobgoblins
  2 jackals (D:1)
  2 quokkas (D:2)
  10 bats
  4 frilled lizards
  6 kobolds
  6 rats
44 creatures vanquished.

Notes
Turn   | Place    | Note
-------+----------+-------------------------------------------
     0 | D:1      | Kisielow the Minotaur Fighter began the quest for the Orb.
     0 | D:1      | Reached XP level 1. HP: 19/19 MP: 0/0
   121 | D:1      | Reached skill level 3 in Long Blades
   198 | D:1      | Reached XP level 2. HP: 22/26 MP: 1/1
   826 | D:2      | Reached skill level 4 in Long Blades
   950 | D:2      | Reached XP level 3. HP: 31/31 MP: 2/2
  1049 | D:2      | Found a shattered altar of Ashenzari.
  1130 | D:2      | Found a sacrificial altar of Ru.
  1588 | D:3      | Reached skill level 5 in Long Blades
  1720 | D:3      | Slain by an orc

Skill      XL: |  1  2  3 |
---------------+----------+-----
Long Blades    | 3 4 5 |  5.1
Fighting       | |  3.7
Armour         | |  3.6
Shields        | |  3.6

Action                   || total
-------------------------++-------
Melee: Long sword        ||   124
       Headbutt          ||    12
  Eat: Chunk             ||     3
Armor: Scale mail        ||    64
Dodge: Dodged            ||    50
Block: Shield            ||    83
       Rpst.: Long sword ||    16
